 Dungeon Crawl Stone Soup version 0.30-a0-718-geaa24f58ff (webtiles) character file.

Game seed: 17534567187902494820

3 testman the Sneak (level 1, -2/18 HPs)
             Began as a Demonspawn Delver on Jan 25, 2023.
             Slain by an orc wizard
             ... wielding a +0 dagger
              (3 damage)
             ... on level 3 of the Dungeon.
             The game lasted 00:04:05 (216 turns).

testman the Sneak (Demonspawn Delver)                Turns: 216, Time: 00:04:06

Health: -2/18      AC:  3    Str: 12    XL:     1   Next: 41%
Magic:  1/1        EV: 11    Int: 11    God:
Gold:   9          SH:  0    Dex: 14    Spells: 0/0 levels left

rFire   . . .      SeeInvis .    a - +0 short sword
rCold   . . .      Faith    .    (no shield)
rNeg    . . .      Spirit   .    b - +0 leather armour
rPois   .          Reflect  .    (no helmet)
rElec   .          Harm     .    (no cloak)
rCorr   .          Rampage  .    (no gloves)
Will    .....                    (no boots)
Stlth   ++                       (no amulet)
HPRegen 0.23/turn                (no ring)
MPRegen 0.07/turn                (no ring)

@: no status effects
A: no striking features
a: no special abilities


You were on level 3 of the Dungeon.
You visited 1 branch of the dungeon, and saw 3 of its levels.

You collected 9 gold pieces.

Inventory:

Hand Weapons
 a - a +0 short sword (weapon)
 d - a +1 dagger of draining
Missiles
 h - 5 poisoned darts (quivered)
Armour
 b - a +0 leather armour (worn)
Wands
 g - a wand of digging (3)
Scrolls
 c - a scroll of fog


   Skills:
 + Level 3.0 Fighting
 - Level 2.0 Short Blades
 + Level 1.8 Dodging
 - Level 4.5 Stealth


You couldn't memorise any spells.
You didn't know any spells.
Your spell library was empty.

Dungeon Overview and Level Annotations

Branches:
Dungeon (5/15)
 Temple: D:4-7

Altars:
Trog

Shops:
D:5 [

Annotations:
D:4 Prince Ribbit


Message History

You hit the orc.
You kill the orc!
Training target 2.0 for Short Blades reached!
Your Short Blades skill increases to level 2!
You need to enable at least one skill for training.
You completely miss the rat. You closely miss the rat.
The rat bites you but does no damage.
You closely miss the rat. The rat closely misses you.
You hit the rat.
The rat is moderately wounded.
Something hits you. The rat bites you.
You hit the rat.
You kill the rat!
Something hits you but does no damage. Something hits you but does no damage.
You hear some strange, mumbled words.
You are confused.
The orc completely misses you.
You hear some strange, mumbled words.
You are more confused.
The orc hits you with a +0 hand axe.
You miss the orc. The orc barely misses you.
You hear some strange, mumbled words.
A magic dart appears from out of thin air!
The magic dart hits you!
* * * LOW HITPOINT WARNING * * *
It was a potion of curing.
You feel better. The orc barely misses you. Something hits you.
Okay, then.
You hit the orc.
The orc is moderately wounded.
The orc hits you with a +0 hand axe.
You hear some strange, mumbled words.
A puff of flame appears from out of thin air!
The puff of flame hits you.
* * * LOW HITPOINT WARNING * * *
You hit the orc.
You kill the orc!
Something hits you.
You die...

####...............#
#..................#
#.........?.....####
#(................
#..................
#......#...........
#.....)##.........
#....{).?........
#.....@.........
#.............#
#######......##
#......# #....).#
########


There were no monsters in sight!

Vanquished Creatures
  2 orcs (D:3)
  A ball python (D:4)
  A rat (D:3)
4 creatures vanquished.

Notes
Turn   | Place    | Note
-------+----------+-------------------------------------------
     0 | D:5      | testman the Demonspawn Delver began the quest for the Orb.
     0 | D:5      | Reached XP level 1. HP: 18/18 MP: 1/1
    49 | D:5      | Noticed a hound
    51 | D:5      | Noticed Prince Ribbit
    52 | D:5      | Found Kuasua's Armour Emporium.
    60 | D:5      | Found a bloodstained altar of Trog.
    65 | D:4      | Noticed a hound
    98 | D:4      | Noticed an orc priest
   112 | D:4      | Noticed an orc priest
   144 | D:4      | Noticed a hound
   164 | D:3      | Noticed an orc wizard
   167 | D:3      | Noticed an orc wizard
   216 | D:3      | Slain by an orc wizard

Illustrated notes

Levels and vault maps discovered:
D:3:      layout_basic, minmay_misc_feat_cross, minmay_misc_feat_rugged
D:4:      layout_loops_cross, nzn_wu_jian_contemplation,
          cheibrodos_sewer_entry_bend
D:5:      layout_rooms, mainiacjoe_overflow_boulevard, serial_shops,
          shop_fountains, minmay_holes, hangedman_decor_opposing,
          hangedman_glass_teeth, bh_walls_and_bars, uniq_prince_ribbit1

Skill      XL: |  1 |
---------------+----+-----
Short Blades   | 2 |  2.0
Fighting       | |  3.0
Dodging        | |  1.8
Stealth        | |  4.5

Action                     || total
---------------------------++-------
  Melee: Short sword       ||    12
    Use: Scroll            ||     2
         Potion            ||     2
   Stab: Sleeping          ||     1
 Armour: Leather armour    ||     7
  Dodge: Dodged            ||    18

Table legend: (Time is in decaauts)
 A = Elapsed time spent in this place.
 B = Non-inter-level travel time spent in this place.
 C = Inter-level travel time spent in this place.
 D = Time resting spent in this place.
 E = Time spent auto-exploring this place.
 F = Levels seen in this place.
 G = Mean time per level.
                   A        B        C        D        E       F      G
               +--------+--------+--------+--------+--------+-----+--------+
         Total |    200 |    195 |      5 |      0 |     17 |   3 |   66.7 |
       Dungeon |    200 |    195 |      5 |      0 |     17 |   3 |   66.7 |
               +--------+--------+--------+--------+--------+-----+--------+

Top non-repeatable levels by time:
     D:4: 84 daAuts
     D:5: 65 daAuts
     D:3: 51 daAuts
